Map: Acropolis LE

Players

Namshar

  • Race: Zerg Zerg
  • League: Grandmaster
  • Spawn Location: 5:00

Bunny - Winner!

  • Race: Terran Terran
  • League: Diamond
  • Spawn Location: 11:00

Event: HomeStory Cup XIX

VOD

Have the link to the VOD?

Description

Time

  • Played on: June 28, 2019, 7:30 a.m.
  • Length: 20:14

All games in this series

Show
View Real Time Build Order
Export as new Build Order

Namshar Zerg 

Build Orders: Hatch First, Brood Lord Corruptor 

Get SALT Encoding   

  12  0:00  Drone  
  13  0:12  Overlord  
  13  0:16  Drone  
  14  0:31  Drone x2  
  16  0:48  Hatchery  
  15  0:51  Drone  
  15  0:54  Drone  
  17  0:57  Drone  
  18  1:08  Extractor  
  17  1:12  Spawning Pool  
  17  1:15  Drone  
  17  1:18  Drone  
  18  1:28  Drone  
  19  1:38  Drone  
  20  1:49  Drone  
  21  1:59  Queen  
  21  2:00  Queen  
  21  2:01  Zergling x4  
  27  2:14  Hatchery  
  26  2:18  Overlord  
  26  2:21  Drone  
  27  2:23  Drone  
  28  2:33  Metabolic Boost  
  28  2:40  Zergling x2  
  28  2:44  Drone x4  
  32  2:53  Overlord  
  32  2:54  Queen  
  32  2:56  Drone  
  35  3:05  Drone  
  36  3:13  Drone x4  
  36  3:14  Queen  
  36  3:17  Drone  
  36  3:18  Drone  
  44  3:25  Overlord  
  44  3:27  Queen  
  44  3:33  Zergling x4  
  48  3:36  Queen  
  50  3:41  Overlord  
  50  3:50  Zergling x2  
  50  3:51  Drone x5  
  50  3:52  Drone  
  57  3:58  Overlord x2  
  57  4:11  Overlord x2  
  57  4:16  Queen  
  59  4:17  Drone x2  
  59  4:18  Zergling x4  
  59  4:20  Drone  
  59  4:21  Drone  
  65  4:26  Extractor  
  65  4:28  Drone, Baneling Nest  
  64  4:33  Drone x5  
  69  4:38  Zergling x2  
  69  4:39  Drone x3  
  73  4:49  Drone x6  
  77  4:58  Drone x3  
  70  5:16  Zergling x6  
  70  5:20  Zergling x12  
  74  5:27  Drone x2  
  74  5:28  Lair  
  73  5:29  Extractor  
  73  5:31  Evolution Chamber  
  73  5:32  Evolution Chamber  
  73  5:34  Queen  
  72  5:37  Drone x4  
  76  5:43  Drone  
  76  5:44  Drone x2  
  79  5:52  Overlord  
  79  5:54  Drone x2  
  79  5:57  Overlord  
  81  5:58  Hatchery, Zerg Ground Armor Level 1, Zerg Melee Weapons Level 1  
  81  6:03  Drone x5  
  83  6:10  Extractor  
  82  6:11  Extractor  
  81  6:19  Drone  
  81  6:20  Drone x7  
  89  6:28  Drone  
  89  6:29  Zergling x12  
  89  6:30  Hatchery  
  89  6:32  Baneling x4  
  93  6:36  Zergling x2  
  93  6:37  Zergling x2  
  95  6:43  Zergling x2  
  95  6:44  Zergling x2  
  97  6:50  Hydralisk Den  
  97  6:51  Infestation Pit  
  95  6:56  Drone x2  
  95  6:59  Pneumatized Carapace  
  97  7:11  Drone x3  
  97  7:12  Drone  
  97  7:14  Drone x3  
  104  7:19  Overlord x4  
  104  7:20  Muscular Augments  
  104  7:28  Hive  
  101  7:36  Hydralisk x3, Queen  
  96  7:41  Zergling x24  
  116  7:44  Zergling x6  
  116  7:47  Baneling x5  
  116  7:51  Zergling x14  
  120  7:55  Zergling x2  
  120  7:56  Zergling x4  
  128  8:00  Zergling x2  
  128  8:02  Centrifical Hooks  
  129  8:07  Zergling x8  
  124  8:22  Zerg Ground Armor Level 2  
  124  8:24  Zerg Melee Weapons Level 2  
  124  8:26  Zergling x20  
  133  8:31  Grooved Spines  
  133  8:33  Zergling x4  
  134  8:39  Zergling x8  
  134  8:41  Baneling x8, Overlord x3  
  134  8:42  Overlord x2  
  133  8:54  Baneling x3  
  133  8:59  Overlord x2  
  133  9:00  Zergling x28  
  147  9:03  Queen  
  147  9:06  Baneling x3  
  147  9:08  Zergling x10  
  147  9:09  Hatchery, Overseer x2  
  146  9:19  Zergling x22  
  150  9:29  Drone  
  150  9:30  Drone x3, Extractor  
  153  9:31  Adrenal Glands  
  153  9:37  Queen  
  155  9:39  Queen  
  155  9:42  Drone  
  155  9:43  Spire  
  157  9:46  Extractor  
  157  9:47  Drone x3, Overlord x2, Spore Crawler  
  157  9:49  Zergling x22  
  157  9:51  Baneling x6  
  164  9:53  Hydralisk  
  155  10:02  Hydralisk x5  
  162  10:15  Hydralisk  
  162  10:16  Hydralisk x2, Extractor, Zergling x2  
  162  10:17  Zergling x16  
  172  10:23  Drone x6  
  173  10:40  Drone x3  
  176  10:49  Zergling x14  
  187  10:50  Zergling x26  
  187  10:56  Drone x6  
  185  11:06  Greater Spire, Zerg Ground Armor Level 3  
  185  11:10  Zerg Melee Weapons Level 3  
  185  11:15  Baneling x8  
  171  11:33  Zergling x22  
  182  11:40  Spore Crawler  
  173  11:57  Corruptor x9  
  187  12:12  Hydralisk  
  187  12:13  Zergling x20  
  194  12:17  Zergling x16  
  194  12:22  Baneling x5  
  176  12:33  Zergling x14  
  176  12:34  Zergling x16  
  170  12:40  Drone  
  170  12:41  Drone x2  
  166  12:46  Drone  
  166  12:47  Drone x6  
  173  12:52  Baneling  
  173  12:53  Baneling x12  
  173  12:56  Zerg Flyer Weapons Level 1  
  171  13:09  Baneling x15  
  171  13:13  Baneling  
  171  13:14  Baneling x4  
  171  13:23  Brood Lord  
  171  13:25  Drone  
  174  13:27  Extractor  
  174  13:28  Extractor  
  174  13:31  Drone x3  
  174  13:32  Drone x3  
  174  13:33  Brood Lord  
  180  13:36  Brood Lord  
  180  13:38  Zergling x22, Hatchery  
  191  13:57  Queen  
  165  14:21  Burrow  
  165  14:22  Zerg Missile Weapons Level 1  
  164  14:25  Brood Lord x4  
  164  14:26  Brood Lord  
  174  14:35  Spore Crawler  
  174  14:36  Drone x2, Spine Crawler  
  174  14:49  Baneling  
  174  14:50  Baneling x3, Brood Lord, Corruptor x3  
  182  14:53  Overseer  
  182  14:54  Overseer  
  182  14:57  Drone x2  
  182  14:58  Spore Crawler  
  182  15:00  Spine Crawler  
  182  15:05  Overseer  
  182  15:06  Zerg Flyer Weapons Level 2  
  181  15:08  Pathogen Glands  
  181  15:09  Drone  
  181  15:10  Drone  
  181  15:11  Spine Crawler  
  181  15:12  Drone x2, Spine Crawler  
  181  15:14  Zergling x10, Spore Crawler  
  171  15:15  Zergling x12  
  181  15:21  Baneling x2, Corruptor  
  181  15:22  Baneling x5, Corruptor  
  181  15:43  Drone x2  
  181  15:48  Corruptor x2  
  181  15:49  Corruptor x5  
  197  15:54  Queen  
  191  16:14  Zergling x2  
  191  16:15  Zergling x16  
  198  16:24  Zerg Missile Weapons Level 2  
  195  16:35  Infestor x2  
  199  16:46  Overseer x3  
  199  16:47  Overseer  
  199  16:52  Spore Crawler  
  199  16:53  Spine Crawler  
  189  17:03  Zergling x18  
  189  17:04  Zergling x4  
  198  17:20  Infestor  
  197  17:29  Infestor  
  199  17:30  Spine Crawler, Spore Crawler  
  199  17:32  Zerg Flyer Weapons Level 3  
  195  17:45  Corruptor x3  
  174  17:57  Corruptor x3  
  166  18:00  Hydralisk x2, Zergling x2  
  166  18:01  Zergling x4  
  169  18:07  Overlord x17  
  153  18:25  Overlord x2  
  153  18:26  Infestor x2  
  155  18:29  Brood Lord x6  
  169  18:36  Drone x3  
  169  18:37  Corruptor  
  174  18:41  Viper x2  
  178  18:56  Drone  
  176  19:03  Corruptor x3  
  181  19:14  Corruptor  
  181  19:15  Corruptor x2  
  180  19:31  Infestor x3  
  168  19:45  Corruptor  
Show
View Real Time Build Order
Export as new Build Order

Bunny Terran - Winner!

Build Orders: Gas First Reaper Expand, Liberator Opening 

Get SALT Encoding   

  12  0:00  SCV  
  13  0:12  SCV  
  14  0:17  Supply Depot  
  14  0:25  SCV  
  15  0:30  Refinery  
  15  0:38  SCV  
  16  0:43  Barracks  
  16  0:50  SCV  
  17  1:02  SCV  
  18  1:15  SCV  
  19  1:30  Orbital Command, Reaper  
  20  1:42  Command Center  
  20  1:52  Factory  
  20  1:56  SCV  
  21  2:06  Supply Depot  
  21  2:07  Barracks Reactor  
  21  2:10  SCV  
  22  2:17  Refinery  
  22  2:22  SCV  
  23  2:34  SCV  
  24  2:45  Starport  
  24  2:46  SCV  
  24  2:47  Hellion x2  
  29  2:55  Orbital Command  
  29  2:58  SCV  
  29  3:00  Marine  
  29  3:04  Liberator  
  31  3:08  Hellion  
  31  3:11  Hellion  
  36  3:12  SCV  
  36  3:22  Marine  
  36  3:24  SCV  
  41  3:28  SCV  
  42  3:35  Supply Depot  
  42  3:37  SCV  
  42  3:40  SCV  
  42  3:41  Barracks Tech Lab  
  44  3:43  Hellion  
  46  3:56  SCV x2  
  46  3:57  Hellion  
  46  3:59  Supply Depot  
  46  4:01  Stimpack  
  50  4:10  SCV x2  
  50  4:14  Command Center  
  52  4:22  SCV x2  
  54  4:26  Barracks  
  54  4:30  Barracks  
  54  4:32  Factory Reactor  
  54  4:33  Starport Reactor  
  54  4:34  SCV x2  
  54  4:36  Marine  
  57  4:44  Engineering Bay  
  57  4:45  Engineering Bay  
  57  4:46  SCV  
  57  4:47  SCV  
  59  4:53  Marine  
  59  4:56  Refinery  
  59  4:59  Refinery, SCV x2  
  62  5:11  Marine  
  62  5:13  Marine  
  61  5:17  SCV  
  61  5:18  Terran Infantry Weapons Level 1, Terran Infantry Armor Level 1  
  61  5:20  SCV  
  61  5:26  Orbital Command  
  50  5:28  Marine  
  50  5:29  Marine x2  
  50  5:31  Medivac x2  
  50  5:35  SCV x2  
  59  5:36  Factory Tech Lab  
  59  5:37  Marine x2  
  61  5:46  Marine x2  
  61  5:47  Marine, SCV x2  
  61  5:48  Orbital Command, Supply Depot  
  66  5:55  Marine x2  
  68  5:57  Supply Depot  
  68  5:59  Siege Tank, SCV x2  
  68  6:01  Supply Depot  
  68  6:02  Medivac x2  
  77  6:05  Supply Depot  
  77  6:08  Combat Shield  
  77  6:09  Marine x3  
  80  6:13  SCV  
  80  6:14  SCV x2  
  80  6:18  Armory  
  83  6:26  Barracks x2  
  83  6:30  SCV x3  
  83  6:31  Siege Tank  
  89  6:37  Marine  
  89  6:38  Marine x4  
  94  6:43  SCV x3  
  94  6:45  Refinery  
  97  6:47  Supply Depot x2  
  97  6:52  Medivac  
  97  6:53  Medivac  
  101  6:55  Marine  
  101  6:56  Marine x3  
  101  6:59  SCV x3  
  108  7:06  Factory  
  108  7:09  Widow Mine  
  108  7:10  Supply Depot  
  108  7:14  Barracks Reactor x2  
  110  7:15  SCV  
  110  7:16  SCV x2  
  113  7:31  Widow Mine  
  113  7:32  Marine x5  
  113  7:34  SCV  
  113  7:35  SCV, Supply Depot  
  113  7:36  Command Center  
  115  7:45  Terran Infantry Weapons Level 2, Terran Infantry Armor Level 2  
  115  7:48  SCV x3  
  115  7:49  Marine, Terran Vehicle And Ship Armor Level 1  
  119  7:51  Factory Reactor  
  119  7:56  Marine x4  
  123  8:00  Widow Mine  
  125  8:07  Marine x5  
  130  8:19  Marine  
  124  8:20  Marine x3  
  124  8:25  Marine x4  
  124  8:26  Marauder  
  131  8:28  Medivac x2  
  131  8:33  Barracks x2  
  130  8:36  Barracks  
  130  8:37  Marine x3, Widow Mine  
  130  8:38  Widow Mine x2  
  139  8:47  Marauder, Marine  
  139  8:48  Marine x4  
  145  8:53  SCV  
  145  8:54  SCV x2  
  145  8:55  Marine  
  148  8:58  Widow Mine  
  148  8:59  Supply Depot  
  151  9:04  Drilling Claws, Widow Mine x2  
  151  9:06  SCV  
  156  9:14  Supply Depot  
  156  9:15  Supply Depot  
  156  9:17  Marauder, Supply Depot  
  138  9:26  Widow Mine x2  
  138  9:27  Widow Mine  
  138  9:28  Planetary Fortress  
  138  9:29  SCV x3  
  146  9:31  Barracks Tech Lab  
  146  9:32  Barracks Tech Lab  
  146  9:33  Barracks Tech Lab  
  146  9:37  Marine  
  146  9:38  Marauder, Marine x5  
  154  9:42  Sensor Tower  
  154  9:47  Marine x2  
  154  9:50  Concussive Shells  
  158  9:53  Widow Mine x3  
  158  9:55  Marine x4  
  158  9:56  Marine  
  158  9:59  Marauder  
  169  10:03  Medivac x2  
  169  10:06  Refinery  
  166  10:07  Marauder, Command Center  
  166  10:11  Marine x5  
  171  10:21  Marauder  
  173  10:26  Marine  
  173  10:27  Marine x3  
  177  10:29  Marauder  
  177  10:31  Widow Mine x3  
  177  10:32  Terran Infantry Weapons Level 3  
  177  10:33  Medivac  
  187  10:37  Terran Infantry Armor Level 3  
  187  10:39  Medivac  
  187  11:01  Starport x2, Fusion Core  
  187  11:02  Ghost Academy  
  187  11:05  Refinery  
  187  11:06  Marauder, Sensor Tower  
  187  11:11  Marauder  
  187  11:12  Marauder  
  187  11:13  Marine, Marauder, Medivac  
  187  11:14  Marine x4  
  187  11:15  Supply Depot  
  187  11:18  Marine x3  
  182  11:27  Marauder  
  182  11:28  Widow Mine  
  182  11:29  Widow Mine x2  
  182  11:31  Marine  
  182  11:32  Marauder, Marine x4  
  185  11:33  Marauder  
  185  11:35  Marauder, Medivac  
  185  11:36  Marine  
  185  11:37  Marine x2  
  185  11:38  Starport Tech Lab  
  192  11:41  Starport Reactor  
  192  11:43  Medivac  
  192  11:48  Marauder  
  192  11:49  Marine x2  
  192  11:50  Marine x3, Terran Ship Weapons Level 1  
  192  11:53  Marine  
  192  11:54  Marine  
  191  12:11  Marauder x3  
  191  12:14  Liberator x3  
  191  12:15  Liberator  
  195  12:16  Personal Cloaking  
  186  12:29  Marine  
  171  12:30  Marine x5  
  177  12:41  Marine  
  177  12:42  Marine x5  
  177  12:44  Liberator  
  155  12:53  Command Center  
  155  12:56  Refinery  
  155  12:58  Command Center  
  153  12:59  Ghost  
  153  13:00  Marauder x3  
  164  13:14  Viking x3, SCV  
  164  13:15  Viking  
  164  13:18  Planetary Fortress  
  171  13:21  SCV  
  172  13:29  Ghost  
  172  13:30  Ghost  
  172  13:33  SCV  
  177  13:38  Advanced Ballistics  
  177  13:44  Viking  
  177  13:45  Ghost, SCV  
  182  13:50  Refinery  
  182  13:51  Refinery  
  173  14:06  Viking x2  
  173  14:07  Viking x2  
  167  14:16  Orbital Command  
  162  14:17  Viking  
  162  14:18  Ghost x2  
  162  14:20  Command Center  
  162  14:21  Marauder  
  162  14:24  Liberator  
  167  14:25  Marine x5  
  167  14:27  SCV x2  
  174  14:36  Viking  
  176  14:41  Ghost x2  
  176  14:43  Viking  
  176  14:45  Liberator  
  185  14:48  Terran Ship Weapons Level 2  
  185  14:54  Planetary Fortress  
  185  14:57  Refinery  
  185  15:05  SCV x6  
  194  15:17  Refinery  
  194  15:18  Sensor Tower  
  194  15:25  Sensor Tower  
  194  15:26  Ghost  
  194  15:27  Ghost x2, Missile Turret  
  200  15:29  Command Center  
  200  15:33  Nuke  
  200  15:35  Ghost Academy x3  
  200  15:37  Ghost Academy  
  197  16:00  Orbital Command  
  197  16:02  Command Center  
  195  16:08  Liberator x2  
  195  16:10  Nuke x4  
  199  16:33  Command Center  
  199  16:37  Neosteel Armor, Hi-Sec Auto Tracking  
  199  17:13  Command Center  
  199  17:15  Command Center  
  199  17:19  Sensor Tower  
  199  17:21  Nuke  
  199  17:22  Nuke x2  
  195  17:49  Ghost  
  181  17:55  Marauder x3, Marine x7  
  181  17:57  Viking x4  
  181  17:58  Viking  
  174  18:11  Starport x2  
  174  18:12  Orbital Command, Starport  
  166  18:16  Marauder  
  166  18:19  Ghost x3  
  164  18:20  Marine x4  
  174  18:27  Viking x3  
  174  18:31  Orbital Command  
  180  18:37  Ghost  
  180  18:38  Viking x2  
  180  18:40  Liberator x2  
  186  18:49  Sensor Tower  
  186  18:51  Liberator  
  186  18:55  Viking x3  
  185  18:57  Viking  
  197  19:08  Viking, Planetary Fortress  
  199  19:10  Liberator  
  199  19:13  Missile Turret x2  
  199  19:14  Refinery  
  200  19:33  Marine  
  194  19:49  Refinery  
  194  19:51  Marine  
  194  19:52  Marine x7  
Tags
 
Add a new tag
Caveats
  • Supply blocks, unpowered buildings, or Contaminate may cause inaccurate times.
  • Supply counts are checked every 10 seconds.